 Dungeon Crawl Stone Soup version 0.31-a0-187-gba352fbbf7 (webtiles) character file.

Game seed: 4357736188648602652

455 qw the Skirmisher (level 6, -6/36 HPs)
             Began as a Deep Elf Hunter on June 22, 2023.
             Mangled by a water moccasin (7 damage)
             ... on level 5 of the Dungeon.
             The game lasted 00:01:04 (4089 turns).

qw the Skirmisher (Deep Elf Hunter)                 Turns: 4089, Time: 00:01:05

Health: -6/36      AC:  5    Str: 10    XL:     6   Next: 76%
Magic:  8/8        EV: 11    Int: 14    God:
Gold:   285        SH:  0    Dex: 18    Spells: 5/5 levels left

rFire   . . .        Y - +3 shortbow
rCold   . . .        (shield currently unavailable)
rNeg    . . .        f - +0 ring mail
rPois   .            (no helmet)
rElec   .            (no cloak)
rCorr   +            (no gloves)
SInv    .            (no boots)
Will    .....        (no amulet)
Stlth   +            j - ring of resist corrosion
HPRegen 0.26/turn    (no ring)
MPRegen 0.11/turn

%: no passive effects
@: lethally poisoned (-6 -> -12), about to teleport
A: no striking features
a: no special abilities


You were on level 5 of the Dungeon.
You visited 1 branch of the dungeon, and saw 5 of its levels.

You collected 285 gold pieces.


   Skills:
 - Level 2.4 Fighting
 - Level 10.1 Ranged Weapons
 + Level 2.8 Dodging
 - Level 1.2 Stealth


You had 5 spell levels left.
You didn't know any spells.
Your spell library was empty.

Inventory:

Hand Weapons
 Y - a +3 shortbow (weapon)
Armour
 f - a +0 ring mail (worn)
Jewellery
 j - a ring of resist corrosion (left hand)
Wands
 d - a wand of digging (7)
Scrolls
 a - a scroll of identify
 i - 4 scrolls of teleportation
Potions
 c - 2 potions of curing
 e - a potion of haste
 g - a potion of heal wounds {unknown}
 k - a potion of lignification {unknown}
 l - a potion of resistance {unknown}
 n - a potion of brilliance {unknown}
 o - a potion of enlightenment {unknown}

Dungeon Overview and Level Annotations

Branches:
Dungeon (5/15)
 Temple: D:4-7

Altars:
Xom

Shops:
D:3 (


Message History

Enter note: A water moccasin comes into view.
The water moccasin hisses angrily.
The water moccasin moves out of view.
Enter note: You see here a scroll labelled ETEUMOC LIELEZXO.
Enter note: You shoot an arrow.
The arrow hits the water moccasin but does no damage.
The water moccasin barely misses you.
You shoot an arrow. The arrow hits the water moccasin!
The water moccasin is moderately wounded.
The water moccasin bites you.
You are poisoned.
The water moccasin poisons you! The water moccasin bites you.
You are more poisoned.
The water moccasin poisons you!
You shoot an arrow. The arrow hits the water moccasin.
The water moccasin is heavily wounded.
You feel very sick.
The water moccasin barely misses you. x2
You shoot an arrow. The arrow hits the water moccasin!
The water moccasin is almost dead.
You feel very sick. The water moccasin bites you!
You shoot an arrow. The arrow hits the water moccasin.
The water moccasin is almost dead.
You feel very sick.
The water moccasin bites you but does no damage.
4088 ||| READING 5 scrolls of teleportation.
As you read the scroll of teleportation, it crumbles to dust.
You feel strangely unstable.
You feel very sick.
The water moccasin bites you but does no damage.
The water moccasin bites you.
You shoot an arrow.
The arrow hits the water moccasin but does no damage.
The water moccasin is almost dead.
You feel sick. The water moccasin bites you!
You die...

.....<....#.....#
.#..............####
#.(......#.#........[ ..
..#.###.#.#..######
...##.#.#.....#..#
...#..#.####..#..#
............#..#
####.##.####.##..#
....[...####.##.@#
####.........##..S......
........####...#.....###
#######.# #.##......#
#.# #.# .####.# #.#
#.##. ..# #.# ####. .#
#.######## # #........


You could see a water moccasin.

Vanquished Creatures
  A centaur (D:5)
  A phantom (D:5)
  A scorpion (D:4)
  2 hounds
  An iguana (D:5)
  2 orc wizards (D:3)
  3 adders
  A worm (D:3)
  A dart slug (D:3)
  10 orcs
  3 bats
  6 endoplasms
  4 giant cockroaches
  8 goblins
  3 hobgoblins
  9 jackals
  9 kobolds
  A quokka (D:1)
  A ball python (D:2)
  7 rats
74 creatures vanquished.

Notes
Turn   | Place    | Note
-------+----------+-------------------------------------------
     0 | D:1      | qw the Deep Elf Hunter began the quest for the Orb.
     0 | D:1      | Reached XP level 1. HP: 12/12 MP: 3/3
     0 | D:1      | 0 ||| qw: Version: 0.3-a-9-g12657ce
     0 | D:1      | 0 ||| qw: Game counter: 2400
     0 | D:1      | 0 ||| qw: Always use a shield: true
     0 | D:1      | 0 ||| qw: God list: Okawaru
     0 | D:1      | 0 ||| qw: Allow faded altars: false
     0 | D:1      | 0 ||| qw: Do Orc after D:15 true
     0 | D:1      | 0 ||| qw: Do second Lair branch before Depths: true
     0 | D:1      | 0 ||| qw: Lair rune preference: random
     0 | D:1      | 0 ||| qw: Plans: Normal
     0 | D:1      | 0 ||| PLANNING D:1-11
   249 | D:1      | Reached skill level 6 in Ranged Weapons
   249 | D:1      | Reached XP level 2. HP: 16/16 MP: 4/4
   791 | D:1      | 791 ||| UPGRADING to +0 ring mail.
   801 | D:1      | 801 ||| DROPPING +0 leather armour.
   802 | D:1      | 802 ||| DROPPING ring of flight.
   803 | D:1      | 803 ||| READING 2 scrolls labelled BEUMNU SUJU.
   804 | D:1      | 804 ||| READING scroll labelled LABEBE TOSOADO.
   805 | D:1      | 805 ||| READING 3 scrolls labelled WEDARR RIMOMIO.
   810 | D:1      | 810 ||| READING scroll labelled WUEGIPO LUOGE.
   811 | D:1      | 811 ||| DROPPING scroll of butterflies.
   896 | D:2      | Identified the +3 hand axe of Massacring {antimagic, *Slow
                  | Fly rCorr Int+5}
  1027 | D:2      | Reached XP level 3. HP: 20/20 MP: 5/5
  1335 | D:2      | Reached skill level 7 in Ranged Weapons
  1691 | D:2      | 1691 ||| READING scroll labelled HUSKOHYGUT.
  1692 | D:2      | 1692 ||| READING 3 scrolls labelled SOHYCZ YVOFY.
  1693 | D:2      | 1693 ||| READING scroll labelled NOIMMICROA.
  1694 | D:2      | 1694 ||| DROPPING 2 scrolls of amnesia.
  1752 | D:3      | Reached XP level 4. HP: 23/25 MP: 6/6
  1761 | D:3      | Reached skill level 8 in Ranged Weapons
  1935 | D:3      | Found a faded altar of an unknown god.
  2161 | D:3      | Found Fytues's Antique Weapon Shop.
  2168 | D:3      | 2168 ||| SHOPLISTING dazzling shortbow (160 gold, have
                  | 109).
  2265 | D:3      | 2265 ||| READING 2 scrolls of enchant weapon.
  2265 | D:3      | 2265 ||| ENCHANTING +1 shortbow.
  2266 | D:3      | 2266 ||| READING scroll of enchant weapon.
  2266 | D:3      | 2266 ||| ENCHANTING +2 shortbow.
  2385 | D:3      | Reached XP level 5. HP: 29/29 MP: 7/7
  2600 | D:3      | 2600 ||| UPGRADING to ring of resist corrosion.
  2601 | D:3      | 2601 ||| READING scroll labelled FEUFUW ELIL.
  2702 | D:3      | 2702 ||| READING scroll labelled RIHONLO XODONTOAWE.
  2703 | D:3      | 2703 ||| READING 3 scrolls of identify.
  2703 | D:3      | 2703 ||| IDENTIFYING grey potion
  2704 | D:3      | 2704 ||| READING 2 scrolls of identify.
  2704 | D:3      | 2704 ||| IDENTIFYING fizzy pink potion
  2705 | D:3      | 2705 ||| DROPPING potion of degeneration.
  3381 | D:4      | Reached skill level 9 in Ranged Weapons
  3561 | D:4      | Identified the +2 leather armour of Gyttur {rN+}
  3827 | D:4      | 3827 ||| DROPPING +2 leather armour of Gyttur {rN+}.
  3828 | D:4      | 3828 ||| READING scroll labelled ELUBAUMICO.
  3829 | D:4      | 3829 ||| READING scroll labelled BUTWYT XALO.
  3830 | D:4      | 3830 ||| DRINKING 2 black potions.
  3861 | D:5      | Entered Level 5 of the Dungeon
  3861 | D:5      | Found a shimmering altar of Xom.
  3878 | D:5      | Noticed a phantom
  3884 | D:5      | Killed a phantom
  3885 | D:5      | Reached XP level 6. HP: 36/36 MP: 8/8
  3941 | D:5      | HP: 9/36 [hound (3)]
  3942 | D:5      | 3942 ||| READING 6 scrolls of teleportation.
  3944 | D:5      | Reached skill level 10 in Ranged Weapons
  4081 | D:5      | Noticed a water moccasin
  4087 | D:5      | HP: 8/36 [poisoned by a water moccasin]
  4088 | D:5      | 4088 ||| READING 5 scrolls of teleportation.
  4088 | D:5      | HP: 3/36 [water moccasin (3)]
  4089 | D:5      | HP: 1/36 [poisoned by a water moccasin]
  4089 | D:5      | Mangled by a water moccasin

Levels and vault maps discovered:
D:1:      dpeg_arrival_leaves_temple_mockup, layout_basic,
          roderic_serpentine_path, minmay_tiny_reverse_x
D:2:      layout_loops_corners, hex_tiny
D:3:      layout_loops_corners, shapermc_ecumenical_altar_mp_ritualfount,
          serial_shops, shop
D:4:      layout_layer_cave
D:5:      layout_basic, xom_teletrap_fun, nicolae_ru_great_annihilating_truth,
          cheibriados_altar_1, minmay_temple_entry_arrows

Skill      XL: |  1  2  3  4  5  6 |
---------------+-------------------+-----
Ranged Weapons | 6 7 8 9 10 | 10.1
Fighting       | 2 |  2.4
Dodging        | |  2.8
Stealth        | |  1.2

Action                     |  1- 3 |  4- 6 || total
---------------------------+-------+-------++-------
   Fire: Shortbow          |   108 |   109 ||   217
    Use: Scroll            |     7 |    10 ||    17
         Potion            |       |     1 ||     1
 Armour: Leather armour    |     3 |       ||     3
         Ring mail         |    13 |    15 ||    28
  Dodge: Dodged            |    30 |    35 ||    65

Table legend:
 A = Non-vault XP
 B = Vault XP
 C = Vault XP percentage of total XP
 D = Non-vault monster count
 E = Vault monster count
 F = Vault count percentage of total count
                 A         B        C        D         E       F
            +---------+---------+-------+---------+---------+-------
      Total |     648 |       3 |   0.5 |      72 |       2 |   2.7
            +---------+---------+-------+---------+---------+-------
        D:1 |      27 |       3 |  10.0 |      16 |       2 |  11.1
        D:2 |      39 |       0 |   0.0 |      22 |       0 |   0.0
        D:3 |     132 |       0 |   0.0 |      16 |       0 |   0.0
        D:4 |     159 |       0 |   0.0 |      13 |       0 |   0.0
        D:5 |     291 |       0 |   0.0 |       5 |       0 |   0.0
            +---------+---------+-------+---------+---------+-------
